 Dungeon Crawl Stone Soup version 0.30.1-9-gdf580d7c3d (webtiles) character file.

Game seed: 10866460753252456729

87187 HoriaBersec the Tortoise (level 15, -1/134 HPs)
             Began as a Minotaur Berserker on Oct 23, 2023.
             Was a High Priest of Trog.
             Killed by a resonance strike
             ... invoked by a ragged hierophant
              (18 damage)
             ... in the Desolation of Salt.
             The game lasted 02:10:12 (18885 turns).

HoriaBersec the Tortoise (Minotaur Berserker)      Turns: 18885, Time: 02:10:18

Health: -1/134     AC: 39    Str: 29    XL:     15   Next: 43%
Magic:  4/4        EV:  8    Int:  4    God:    Trog [*****.]
Gold:   1982       SH: 15    Dex: 10    Spells: 14/14 levels left

rFire   + + .        V - +9 broad axe (antimagic)
rCold   + + +        S - +2 kite shield {rC+}
rNeg    + . .        T - +7 crystal plate armour {rC+}
rPois   +            (helmet restricted)
rElec   +            (no cloak)
rCorr   +            R - +0 pair of gloves
SInv    .            N - +2 pair of boots {rampage}
Will    +....        s - amulet of regeneration Stlth
                     n - ring of positive energy
HPRegen 1.22/turn    m - ring of protection from fire
MPRegen 0.09/turn

%: rampage
@: about to teleport, resistant
A: horns 2, retaliatory headbutt
a: Renounce Religion, Berserk, Trog's Hand, Brothers in Arms


You were in the Desolation of Salt.
You worshipped Trog.
Trog was extremely pleased with you.
You visited 4 branches of the dungeon, and saw 20 of its levels.
You visited 1 bazaar.
You also visited: Sewer, Ice Cave and Desolation.

You collected 2196 gold pieces.
You spent 214 gold pieces at shops.

Inventory:

Hand Weapons
 c - the +6 war axe "Sukhlu" {holy, Int+2}
   (You acquired it on level 1 of the Dungeon)

   Int:       It affects your intelligence (+2).
 V - a +9 antimagic broad axe (weapon)
Missiles
 e - 161 stones (quivered)
 x - 2 throwing nets
 J - 2 javelins
Armour
 N - a +2 pair of boots of rampaging (worn)
 O - a +3 buckler of cold resistance
 Q - a +0 tower shield
 R - a +0 pair of gloves (worn)
 S - a +2 kite shield of cold resistance (worn)
 T - a +7 crystal plate armour of cold resistance (worn)
Jewellery
 m - a ring of protection from fire (right hand)
 n - a ring of positive energy (left hand)
 s - an amulet of regeneration (around neck)
 C - a ring of positive energy
 G - a ring of protection from cold
 H - an amulet of reflection
 K - a +6 ring of intelligence
 L - a ring of flight
 X - an amulet of the acrobat
Wands
 f - a wand of flame (13)
 l - a wand of polymorph (11)
 q - a wand of charming (15)
 u - a wand of mindburst (8)
 v - a wand of light (16)
 A - a wand of digging (8)
 E - a wand of roots (14)
Scrolls
 b - 3 scrolls of fog
 i - a scroll of acquirement
 r - 2 scrolls of blinking
 t - a scroll of teleportation
 w - a scroll of identify
 y - a scroll of summoning
 M - a scroll of enchant weapon
 Z - a scroll of poison
Potions
 a - 2 potions of magic
 d - 3 potions of curing
 g - 3 potions of might
 h - a potion of resistance
 j - 6 potions of brilliance
 k - 2 potions of attraction
 o - a potion of flight
 z - a potion of degeneration {unknown}
 B - a potion of lignification {unknown}
 D - 4 potions of mutation
 F - 3 potions of haste
 I - 2 potions of cancellation
 U - a potion of ambrosia {unknown}
Miscellaneous
 W - a lightning rod (4/4)


   Skills:
 * Level 12.3 Fighting
 + Level 19.9 Axes
 + Level 20.6 Armour
 - Level 3.7 Dodging
 - Level 0.8 Stealth
 + Level 15.9 Shields


You had 14 spell levels left.
You didn't know any spells.
Your spell library was empty.

Dungeon Overview and Level Annotations

Branches:
Dungeon (15/15)            Temple (1/1) D:6            Lair (0/5) D:10
    Orc (2/2) D:12            Elf (2/3) Orc:2        Vaults (0/5) D:14
 Depths (0/4) D:15          Sewer (visited)           IceCv (visited)
Desolation (1/1)

Altars:
Ashenzari
Cheibriados
Dithmenos
Elyvilon
Fedhas
Gozag
Hepliaklqana
Kikubaaqudgha
Makhleb
Nemelex Xobeh
Okawaru
Qazlal
Ru
Sif Muna
Trog
Uskayaw
Vehumet
Wu Jian
Xom
Yredelemnul
Zin
The Shining One

Shops:
D:4 =![   D:5 [   D:8 [   Orc:2 (:[=(

Annotations:
D:8 2 transporters, Quickbrownfox's ghost, novice DsCj
D:13 2 transporters, Peloso's ghost, journeyman MiFi


Innate Abilities, Weirdness & Mutations

You have a pair of horns on your head.
You reflexively headbutt those who attack you in melee.


Message History

The saltling hits you but does no damage.
You block the saltling's attack.
As you read the scroll of teleportation, it crumbles to dust.
You feel strangely unstable.
The ragged hierophant casts a spell at you.
A blast of power from the earth and the saltlings strikes you!
The saltling closely misses you. You furiously retaliate!
You headbutt the saltling! The saltling barely misses you.
You furiously retaliate!
You headbutt the saltling, but do no damage.
You hit the saltling.
You headbutt the saltling, but do no damage.
The saltling is lightly damaged.
You completely miss the saltling. You slash the saltling!
Your skin stops crawling.
You feel less strong-willed.
The saltling no longer looks unusually strong.
The ironbound convoker casts a spell at the saltling.
The saltling seems to grow stronger.
You block the saltling's attack. The saltling hits you!
* * * LOW HITPOINT WARNING * * *
The saltling hits you but does no damage.
You slice the saltling!!
You destroy the saltling!
Trog accepts your kill.
You barely miss the saltling. You hit the saltling.
The saltling hits you but does no damage.
You hit the saltling. You headbutt the saltling.
The saltling is severely damaged.
You slash the saltling! You hit the saltling but do no damage.
You block the saltling's attack. The saltling hits you!
* * * LOW HITPOINT WARNING * * *
Unknown command.
You feel protected. You block the saltling's attack.
The saltling closely misses you. You furiously retaliate!
You headbutt the saltling!
You destroy the saltling!
Trog accepts your kill.
The ragged hierophant gestures at you while chanting.
A blast of power from the earth and the saltlings strikes you!
You die...

####################
####################
####################
####################
####################
####################
####################
..........a@9..p....
#.............9.........
#..........9......§§....
#..........p...§§§§.....
#.#.......9a§§§§§§§.....
#...#.....99§§§§........
#........9#....§§§......
#...........§§.§.§......
#...§##§......§.§§


You could see 2 ragged hierophants, 2 ironbound convokers and 7 saltlings.

Vanquished Creatures
  Rupert (D:14)
  Roxanne (D:14)
  Nessos (D:12)
  Snorg (D:10)
  An ettin (D:15)
  A hydra (D:15)
  Erolcha (D:10)
  8 vault guards
  3 ogre magi
  6 centaur warriors
  A peacekeeper (Desolation)
  A death knight (D:15)
  A dancing weapon (Elf:1)
  11 two-headed ogres
  Erica (D:10)
  3 boulder beetles
  6 tengu warriors
  5 orc high priests
  A deep elf knight (Elf:1)
  2 sun demons
  2 soul eaters
  A sixfirhy (D:13)
  2 deep elf archers (Elf:1)
  A wizard (D:15)
  5 deep elf zephyrmancers
  4 deep elf pyromancers
  2 necromancers
  8 orc knights (Orc:1)
  8 ugly things
  A wolf spider (D:14)
  2 manticores
  9 cyclopes
  4 rust devils
  Joseph (D:8)
  2 smoke demons (D:14)
  2 gargoyles
  An ice statue (IceCv)
  A guardian serpent (shapeshifter) (D:15)
  Maggie (D:8)
  3 orange demons (D:14)
  4 freezing wraiths (IceCv)
  A kobold demonologist (D:10)
  2 unseen horrors
  2 tengu conjurers
  2 anaconda simulacra (IceCv)
  A komodo dragon (D:13)
  2 efreet
  13 ice devils
  2 hellwings (D:14)
  3 red devils
  4 trolls
  4 hornets
  8 saltlings (Desolation)
  A raiju (shapeshifter) (D:15)
  A centaur simulacrum (D:15)
  Sigmund (D:4)
  An air elemental (Elf:1)
  3 shadows
  2 ynoxinuls
  6 dire elephant simulacra (IceCv)
  2 water elementals (Elf:1)
  4 wyverns
  7 yaks
  Eustachio (D:5)
  7 wraiths
  2 vampires
  2 fire elementals (Elf:1)
  3 death yak simulacra (IceCv)
  A golden eye (shapeshifter) (D:15)
  7 vampire mosquitoes
  A chaos spawn (D:13)
  2 wargs
  A steam dragon (D:9)
  Edmund (D:5)
  An acid dragon (D:13)
  2 water moccasins
  A sky beast (D:6)
  26 orc warriors
  3 ice beasts
  8 ogres
  10 centaurs
  3 kobold brigands
  8 bullfrogs
  A gnoll sergeant (D:8)
  6 cane toad simulacra (IceCv)
  An earth elemental (Elf:1)
  2 two-headed ogre simulacra (IceCv)
  4 scorpions
  4 wights (D:9)
  5 elephant simulacra (IceCv)
  14 killer bees
  6 howler monkeys
  2 jellies
  4 hounds
  29 orc priests
  3 iguanas
  Jessica (D:2)
  23 orc wizards
  3 sleepcaps
  A troll simulacrum (IceCv)
  4 polar bear simulacra (IceCv)
  2 wolf simulacra (IceCv)
  9 gnolls
  14 adders
  A naga simulacrum (IceCv)
  2 shadow imps
  A white imp (IceCv)
  An ufetubus (IceCv)
  A worm (D:2)
  4 dart slugs
  104 orcs
  5 ball pythons
  5 bats
  10 endoplasms
  8 giant cockroaches
  6 goblins
  8 hobgoblins
  8 quokkas
  6 frilled lizards
  18 kobolds
  7 rats
615 creatures vanquished.

Vanquished Creatures (collateral kills)
  A dancing weapon (Elf:1)
  A deep elf archer (Elf:1)
  A deep elf zephyrmancer (Elf:1)
  A saltling (Desolation)
4 creatures vanquished.

Vanquished Creatures (others)
  Josephine (D:14)
  An orc wizard (D:12)
  2 orcs (Orc:2)
  A kobold (Elf:2)
5 creatures vanquished.

Grand Total: 624 creatures vanquished

Notes
Turn   | Place    | Note
-------+----------+-------------------------------------------
     0 | D:1      | HoriaBersec the Minotaur Berserker began the quest for the
                  | Orb.
     0 | D:1      | Reached XP level 1. HP: 19/19 MP: 0/0
   268 | D:1      | Reached XP level 2. HP: 27/27 MP: 1/1
   815 | D:1      | Identified 2 scrolls of acquirement
   815 | D:1      | Acquired the +6 war axe "Sukhlu" {holy, Int+2}
  1065 | D:2      | Found the +7 Throatcutter {drain, coup de grace}
  1107 | D:2      | Reached XP level 3. HP: 33/33 MP: 2/2
  1113 | D:2      | Reached ** piety under Trog
  1363 | D:2      | Reached XP level 4. HP: 40/40 MP: 3/3
  1365 | D:2      | Reached skill level 5 in Axes
  1369 | D:2      | Reached skill level 3 in Armour
  1375 | D:2      | Reached XP level 5. HP: 40/47 MP: 4/4
  1895 | D:2      | Noticed Jessica
  1902 | D:2      | Killed Jessica
  2084 | D:3      | Reached skill level 5 in Fighting
  2240 | D:3      | Found a glowing drain.
  2249 | D:3      | Reached XP level 6. HP: 56/56 MP: 5/5
  2254 | Sewer    | Entered a sewer
  2331 | Sewer    | Reached *** piety under Trog
  2510 | Sewer    | Reached skill level 4 in Armour
  3480 | D:4      | Identified the +11 flail "Yhoope" {holy, rElec rF- rC-
                  | rN+++}
  3644 | D:4      | Found a snail-covered altar of Cheibriados.
  3689 | D:4      | Noticed Sigmund
  3698 | D:4      | Killed Sigmund
  3699 | D:4      | Reached XP level 7. HP: 51/61 MP: 6/6
  3722 | D:4      | Found Oxkath's Jewellery Boutique.
  3723 | D:4      | Found Fenaubal's Distillery.
  3725 | D:4      | Found Onefanoi's Antique Armour Boutique.
  4107 | D:5      | Entered Level 5 of the Dungeon
  4124 | D:5      | Noticed Eustachio
  4134 | D:5      | Killed Eustachio
  4143 | D:5      | Reached skill level 5 in Armour
  4171 | D:5      | Found Wocedub's Antique Armour Emporium.
  4279 | D:5      | Reached XP level 8. HP: 70/70 MP: 7/7
  4369 | D:5      | Noticed Edmund
  4380 | D:5      | Killed Edmund
  4662 | D:5      | Found a broken altar of Ashenzari.
  4662 | D:5      | Found a stormy altar of Qazlal.
  5087 | D:6      | Noticed a troll
  5102 | D:6      | Killed a troll
  5103 | D:6      | Reached skill level 10 in Axes
  5103 | D:6      | Reached skill level 6 in Armour
  5169 | D:6      | Found a staircase to the Ecumenical Temple.
  5779 | D:6      | Reached XP level 9. HP: 68/78 MP: 8/8
  6057 | D:7      | Reached skill level 7 in Armour
  6120 | D:7      | Reached **** piety under Trog
  6246 | D:7      | Found an iron altar of Okawaru.
  6392 | Temple   | Entered the Ecumenical Temple
  6702 | D:8      | Noticed Quickbrownfox's ghost (novice DsCj)
  6718 | D:8      | Found a bloodstained altar of Trog.
  6719 | D:8      | Found a transporter.
  6720 | D:8      | Noticed a moth of wrath
  6725 | D:8      | Found a transporter.
  6742 | D:8      | Found Puaclogh's Armour Boutique.
  6793 | D:8      | Bought a +1 pair of boots of rampaging for 214 gold pieces
  6815 | D:8      | Acquired a +2 buckler of cold resistance
  6859 | D:8      | Acquired a manual of Armour
  7040 | D:8      | Noticed Joseph
  7059 | D:8      | Killed Joseph
  7060 | D:8      | Reached skill level 8 in Armour
  7083 | D:8      | Reached skill level 9 in Armour
  7210 | D:8      | Noticed Maggie
  7221 | D:8      | Killed Maggie
  7222 | D:8      | Reached XP level 10. HP: 82/86 MP: 9/9
  7290 | D:8      | Reached skill level 10 in Armour
  7890 | D:9      | Reached skill level 11 in Armour
  7899 | D:9      | Reached skill level 5 in Shields
  7932 | D:9      | Reached skill level 12 in Armour
  8018 | D:9      | Paralysed by a hornet for 3 turns
  8198 | D:9      | Reached skill level 13 in Armour
  8780 | D:10     | Entered Level 10 of the Dungeon
  8780 | D:10     | Noticed Erolcha
  8795 | D:10     | Killed Erolcha
  8796 | D:10     | Reached skill level 14 in Armour
  8829 | D:10     | Reached XP level 11. HP: 92/92 MP: 10/10
  8943 | D:10     | Found a bloodstained altar of Trog.
  9044 | D:10     | Noticed Erica
  9055 | D:10     | Killed Erica
  9056 | D:10     | Reached skill level 15 in Armour
  9428 | D:10     | Noticed Snorg
  9550 | D:10     | Killed Snorg
  9675 | D:10     | Found a staircase to the Lair.
  9897 | D:11     | Found a frozen archway.
  9947 | IceCv    | Entered an ice cave
 10096 | IceCv    | Reached skill level 16 in Armour
 10135 | IceCv    | Noticed a white ugly thing
 10147 | IceCv    | Killed a white ugly thing
 10158 | IceCv    | Reached skill level 10 in Shields
 10250 | IceCv    | Found an ancient bone altar of Kikubaaqudgha.
 10280 | IceCv    | Reached skill level 15 in Axes
 10443 | IceCv    | Reached XP level 12. HP: 100/100 MP: 11/11
 10809 | D:11     | Noticed a two-headed ogre
 10810 | D:11     | Noticed a two-headed ogre
 10810 | D:11     | Noticed an ogre mage
 10827 | D:11     | Noticed a two-headed ogre
 10832 | D:11     | Killed a two-headed ogre
 10833 | D:11     | Reached skill level 17 in Armour
 10837 | D:11     | Killed a two-headed ogre
 10845 | D:11     | Killed a two-headed ogre
 10851 | D:11     | Killed an ogre mage
 10936 | D:11     | Reached ***** piety under Trog
 10985 | D:11     | Noticed a two-headed ogre
 10993 | D:11     | Killed a two-headed ogre
 11785 | D:12     | Noticed a boulder beetle
 11795 | D:12     | Killed a boulder beetle
 11830 | D:12     | Found a staircase to the Orcish Mines.
 12245 | D:12     | Noticed a two-headed ogre
 12245 | D:12     | Noticed Nessos
 12257 | D:12     | Killed a two-headed ogre
 12270 | D:12     | Killed Nessos
 12451 | D:13     | Reached XP level 13. HP: 105/105 MP: 12/12
 12693 | D:13     | Reached skill level 18 in Armour
 12883 | D:13     | Noticed Peloso's ghost (journeyman MiFi)
 12897 | D:13     | Identified the +3 quick blade of Gluttony {heavy, rC+
                  | Will+} (Trog gifted it to you on level 13 of the Dungeon)
 12897 | D:13     | Received a gift from Trog
 12918 | D:13     | Found a transporter.
 12935 | D:13     | Found a transporter.
 13603 | D:14     | Noticed Josephine
 13624 | D:13     | Paralysed by a hornet for 3 turns
 13801 | D:14     | Killed Josephine
 13831 | D:14     | Noticed Roxanne
 13859 | D:14     | Found a gate to the Vaults.
 13901 | D:14     | Reached skill level 19 in Armour
 14141 | D:14     | Reached XP level 14. HP: 107/116 MP: 13/13
 14849 | D:14     | Noticed Rupert
 14862 | D:14     | Killed Rupert
 14959 | D:14     | Reached skill level 20 in Armour
 15007 | D:14     | HP: 5/177 [Roxanne/iron shot (28)]
 15009 | D:14     | Killed Roxanne
 15421 | D:15     | Entered Level 15 of the Dungeon
 16012 | D:15     | Reached skill level 10 in Fighting
 16014 | D:15     | Reached skill level 15 in Shields
 16133 | D:15     | Found a staircase to the Depths.
 16805 | Orc:1    | Entered Level 1 of the Orcish Mines
 17125 | Orc:2    | Entered Level 2 of the Orcish Mines
 17220 | Orc:1    | Received a gift from Trog
 17374 | Orc:1    | Reached XP level 15. HP: 92/128 MP: 4/14
 17912 | Orc:2    | Found Fouthru's Jewellery Shop.
 17912 | Orc:2    | Found Rolep's Antique Armour Shop.
 17912 | Orc:2    | Found Mirphaunwad's Book Boutique.
 17912 | Orc:2    | Found Ukeacuc's Weapon Shop.
 17969 | Orc:2    | Found Fibbead's Antique Weapon Shop.
 18017 | Orc:2    | Found a staircase to the Elven Halls.
 18183 | Elf:1    | Entered Level 1 of the Elven Halls
 18565 | Elf:2    | Found a gateway to a bazaar.
 18596 | Bazaar   | Entered a bazaar
 18619 | Bazaar   | Found Teapidupt's Antique Armour Shop.
 18619 | Bazaar   | Found Yduqu's Book Boutique.
 18669 | Bazaar   | Found Geephuat's Armour Boutique.
 18669 | Bazaar   | Found Pairires's Book Shop.
 18790 | Elf:2    | Identified the +3 plate armour of Pride {rPois Str+8
                  | Stlth-}
 18838 | Elf:2    | Found a crumbling gateway.
 18850 | Desolati | Entered the Desolation of Salt
 18885 | Desolati | Killed from afar by a ragged hierophant

Illustrated notes

Levels and vault maps discovered:
D:1:      ebering_trefoil_3fold, layout_loops_ring
D:2:      minmay_recursive_quarters, layout_basic, uniq_jessica
D:3:      layout_basic, gup_sewer_entry_glass
D:4:      layout_basic, mainiacjoe_overflow_boulevard, nicolae_wooded_promenade,
          minmay_misc_feat_columns, uniq_sigmund
D:5:      layout_cave_pools, gammafunk_temple_overflow_pools, serial_shops,
          nicolae_lakefront_shop, uniq_edmund, uniq_eustachio
D:6:      layout_cave_pods, minmay_temple_entry_slanted
D:7:      layout_rooms, okawaru_gym_becter, hangedman_abyss_or_decor_lesser_grid
D:8:      layout_loops_corners, serial_shops, shop,
          gammafunk_ghost_wrathful_warriors, uniq_joseph, uniq_maggie
D:9:      layout_long_grid
D:10:     layout_rooms, mainiacjoe_overflow_24_doors,
          grunt_lair_entry_orc_guard_hut, serial_corexii_hall,
          corexii_hall_statues_x, chequers_hall_statues_y,
          corexii_hall_statues_x, corexii_hall_statues_i, uniq_erica,
          uniq_erolcha, uniq_snorg
D:11:     layout_basic, portal_ice_cave_entry_pillars_1
D:12:     layout_loops_ring, erik_orc_4, serial_glass, glass_columns_b,
          glass_columns_a, glass_columns_a, glass_columns_a, glass_columns_a,
          glass_columns_b, glass_columns_c, glass_columns_a, glass_columns_a,
          glass_columns_a, uniq_nessos
D:13:     layout_loops_ring, gammafunk_ghost_stat_death
D:14:     layout_roguey, erik_vaults_2, serial_demonic, serial_demonic_a,
          serial_demonic_a, serial_demonic_e, serial_demonic_b,
          serial_demonic_g, serial_demonic_c, serial_demonic_c,
          serial_demonic_g, serial_demonic_g, serial_demonic_e, minmay_circle_x,
          uniq_rupert, uniq_josephine, uniq_roxanne
D:15:     hangedman_depths_entry_civil_slaughter, layout_gridville,
          chequers_decorated_corner
Temple:   bh_familiar_temple
Orc:1:    layout_caves
Orc:2:    st_orc_pillars, layout_caves, serial_shops, nicolae_diamond_shop
Elf:1:    layout_rooms, hangedman_corner_corridor, nicolae_elf_elemental_lessons
Elf:2:    nicolae_elf_blades_splatter_lattice [nicolae_blade_entry_pointy_end],
          layout_onion_city, portal_desolation_entry_nicolae_slug, serial_shops,
          bzr_entry_customers, shop, nicolae_shop_hallway_stairs,
          nicolae_shop_peninsula, nicolae_elf_double_double_double_trouble
Desolation

Skill      XL: |  1  2  3  4  5  6  7  8  9 10 11 12 13 14 15 |
---------------+----------------------------------------------+-----
Axes           | 4 5 6 7 8 11 13 15 17 18 19 | 19.9
Fighting       | 4 5 6 7 8 10 12 | 12.3
Dodging        | 3 |  3.7
Armour         | 3 4 5 6 9 14 16 17 19 20 | 20.6
Shields        | 3 8 10 12 14 15 | 15.9
Stealth        | |  0.8

Action                     |  1- 3 |  4- 6 |  7- 9 | 10-12 | 13-15 || total
---------------------------+-------+-------+-------+-------+-------++-------
  Melee: Hand axe          |    24 |       |    52 |     9 |       ||    85
         War axe           |    28 |   114 |   195 |   476 |   781 ||  1594
         Headbutt          |     5 |    12 |    41 |   111 |   241 ||   410
         Punch             |       |       |     1 |       |       ||     1
         Broad axe         |       |       |       |       |   202 ||   202
  Throw: Stone             |       |       |       |       |     1 ||     1
 Invoke: Berserk           |     1 |     2 |     4 |     6 |     5 ||    18
         Trog's Hand       |       |     2 |     6 |    10 |    17 ||    35
         Brothers in Arms  |       |       |       |       |     2 ||     2
    Use: Scroll            |     6 |     3 |     2 |    17 |    13 ||    41
         Potion            |       |       |       |     1 |     7 ||     8
 Armour: Ring mail         |    14 |    43 |       |       |       ||    57
         Scale mail        |       |    12 |       |       |       ||    12
         Plate armour      |       |       |   143 |   175 |       ||   318
         Crystal plate arm |       |       |       |    95 |   545 ||   640
  Dodge: Dodged            |    38 |    60 |    70 |   119 |   211 ||   498
  Block: Buckler           |       |       |     4 |    96 |       ||   100
         Kite shield       |       |       |       |   123 |   663 ||   786
